 Dungeon Crawl Stone Soup version 0.22.0-38-g04b72b8 (webtiles) character file.

275 poirepourri the Chopper (level 6, -1/55 HPs)
             Began as a Deep Dwarf Fighter on Aug 28, 2018.
             Slain by Pikel
             ... wielding a +1 whip of electrocution
              (5 damage)
             ... on level 4 of the Dungeon.
             The game lasted 00:01:52 (1571 turns).

poirepourri the Chopper (Deep Dwarf Fighter)        Turns: 1571, Time: 00:01:52

Health: -1/55      AC:  6    Str: 20    XL:     6   Next: 3%
Magic:  5/5        EV:  7    Int:  8    God:
Gold:   44         SH:  9    Dex: 14    Spells: 5/5 levels left

rFire    . . .     SeeInvis .   a - +0 war axe
rCold    . . .     Gourm    .   c - +0 shield
rNeg     . . .     Faith    .   b - +0 scale mail
rPois    .         Spirit   .   (no helmet)
rElec    .         Reflect  .   (no cloak)
rCorr    .         Harm     .   (no gloves)
MR       .....                  (no boots)
Stlth    ..........             (no amulet)
HPRegen  0.00/turn              (no ring)
MPRegen  0.09/turn              (no ring)

@: non-regenerating
A: damage resistance, heal wounds, sense surroundings 1, no regeneration
a: Heal Wounds


You were on level 4 of the Dungeon.
You were not hungry.

You visited 1 branch of the dungeon, and saw 4 of its levels.

You collected 44 gold pieces.

Inventory:

Hand Weapons
 a - a +0 war axe (weapon)
 l - a +0 blowgun
Missiles
 e - 21 bolts
 m - 20 poisoned needles
Armour
 b - a +0 scale mail (worn)
 c - a +0 shield (worn)
Jewellery
 k - a cursed ring of teleportation {unknown}
Wands
 p - a wand of polymorph (14)
Scrolls
 h - 3 scrolls of teleportation
 j - 2 scrolls of noise
Potions
 d - 2 potions of might
 g - a potion of invisibility
 i - a potion of curing
 n - 2 potions of lignification {unknown}
 r - a potion of brilliance {unknown}
 s - a potion of mutation {unknown}
Comestibles
 f - 4 rations


   Skills:
 - Level 2.6 Fighting
 + Level 7.0 Axes
 - Level 3.2 Armour
 - Level 3.2 Shields


You had 5 spell levels left.
You didn't know any spells.
Your spell library was empty.

Dungeon Overview and Level Annotations

Branches:
Dungeon (4/15)
 Temple: D:4-7

Altars:
Ashenzari
Wu Jian

Annotations:
D:4 Pikel


Innate Abilities, Weirdness & Mutations

You are resistant to damage.
You can heal yourself by infusing magical energy.
You passively map a small area around you.
You do not regenerate.


Message History

Pikel is moderately wounded.
Pikel hits you but does no damage.
You are electrocuted!
* * * LOW HITPOINT WARNING * * *
You block Pikel's attack.
You closely miss Pikel.
Pikel is moderately wounded.
Pikel hits you with a whip of electrocution.
You are electrocuted!
* * * LOW HITPOINT WARNING * * *
You closely miss Pikel.
Pikel is moderately wounded.
You block Pikel's attack.
You hit Pikel.
Pikel is moderately wounded.
Pikel hits you but does no damage.
You closely miss Pikel.
Pikel is moderately wounded.
You hear the slow hiss of a very distant avalanche of sand.
Pikel hits you with a whip of electrocution.
You die...

#.# #.#### #.# #.(..#
##.######.# ###...##
#.# .......# #.# *
#..###.####.###### ,#
K>.# #...p..Kp.pp# *.#
#..###.####.####K###.#
.......# #.####@#...#
..##(#.# #.##.....###
.......# #.##.#.....##
.###...# #........))†#
.# ...# ####.#...)<##
.# ...# #.....#)# ..
,# ###.#...# ##
#.#..## * * ,, *
#...... ,


You could see Pikel and 2 slaves.

Vanquished Creatures
  A scorpion (D:2)
  3 orc wizards (D:4)
  4 gnolls (D:3)
  2 adders
  2 worms (D:2)
  3 dart slugs
  A leopard gecko (D:2)
  5 orcs
  3 bats
  4 giant cockroaches
  3 goblins
  8 hobgoblins
  12 jackals
  2 quokkas
  3 frilled lizards
  10 kobolds
  3 rats
69 creatures vanquished.

Notes
Turn   | Place    | Note
-------+----------+-------------------------------------------
     0 | D:1      | poirepourri the Deep Dwarf Fighter began the quest for the Orb.
     0 | D:1      | Reached XP level 1. HP: 20/20 MP: 1/1
    43 | D:1      | Reached skill level 3 in Axes
    43 | D:1      | Reached XP level 2. HP: 17/27 MP: 2/2
   550 | D:2      | Noticed a scorpion
   555 | D:2      | Killed a scorpion
   555 | D:2      | Reached skill level 4 in Axes
   555 | D:2      | Reached XP level 3. HP: 33/33 MP: 3/3
   555 | D:2      | Reached XP level 4. HP: 40/40 MP: 4/4
   608 | D:2      | Reached skill level 5 in Axes
   824 | D:2      | Found a shattered altar of Ashenzari.
  1084 | D:3      | Reached XP level 5. HP: 34/46 MP: 4/4
  1088 | D:3      | Reached skill level 6 in Axes
  1145 | D:3      | Found an ornate altar of the Wu Jian Council.
  1449 | D:4      | Reached skill level 7 in Axes
  1449 | D:4      | Reached XP level 6. HP: 44/55 MP: 5/5
  1511 | D:4      | Noticed a slave
  1511 | D:4      | Noticed a slave
  1511 | D:4      | Noticed Pikel
  1511 | D:4      | Noticed a slave
  1513 | D:4      | Noticed a slave
  1571 | D:4      | Slain by Pikel

Skill      XL: |  1  2  3  4  5 |
---------------+----------------+-----
Axes           | 3 4 5 7 |  7.0
Fighting       | |  2.6
Armour         | |  3.2
Shields        | |  3.2

Action                   |  1- 3 |  4- 6 || total
-------------------------+-------+-------++-------
Melee: War axe           |    30 |   150 ||   180
 Abil: Heal Wounds       |     1 |     3 ||     4
  Use: Scroll            |       |     7 ||     7
       Potion            |       |     1 ||     1
  Eat: Ration            |       |     1 ||     1
Armor: Scale mail        |    15 |    87 ||   102
Dodge: Dodged            |     8 |    53 ||    61
Block: Shield            |    22 |    98 ||   120
